 Dungeon Crawl Stone Soup version 0.30-a0-946-gec5dcfc036 (webtiles) character file.

Game seed: 296834724171866770

167 sanka the Gusty (level 5, -2/28 HPs)
             Began as a Tengu Air Elementalist on Mar 26, 2023.
             Slain by Duvessa
             ... wielding a +2 short sword of venom
              (9 damage)
             ... on level 4 of the Dungeon.
             The game lasted 00:06:56 (3510 turns).

sanka the Gusty (Tengu Air Elementalist)            Turns: 3510, Time: 00:06:57

Health: -2/28      AC:  2    Str:  9    XL:     5   Next: 48%
Magic:  7/11       EV: 14    Int: 23    God:
Gold:   148        SH:  0    Dex: 14    Spells: 1/11 levels left

rFire   + . .      SeeInvis .    e - +1 dagger (drain)
rCold   . . .      Faith    .    (no shield)
rNeg    . . .      Spirit   .    a - +0 robe
rPois   .          Reflect  .    (helmet restricted)
rElec   .          Rampage  .    (no cloak)
rCorr   .                        (no gloves)
Will    .....                    (boots unavailable)
Stlth   ++                       (no amulet)
HPRegen 0.24/turn                o - ring of protection from fire
MPRegen 0.12/turn                n - +6 ring of intelligence

@: flying quickly and evasively, quick
A: beak, talons 3, nimble flight
a: no special abilities


You were on level 4 of the Dungeon.
You visited 1 branch of the dungeon, and saw 4 of its levels.

You collected 148 gold pieces.


Innate Abilities, Weirdness & Mutations

You have a beak for a mouth.
You have claws for feet.
Your magical nature lets you fly swiftly and evasively.


   Skills:
 - Level 2.1 Dodging
 - Level 2.0 Stealth
 + Level 3.9 Spellcasting
 - Level 3.0 Conjurations
 + Level 5.5 Air Magic


You had one spell level left.
You knew the following spells:

 Your Spells              Type           Power      Damage    Failure   Level
s - Swiftness             Air            29%        N/A       3%          3
x - Airstrike             Air            14%        2d(3-19)  11%         4
z - Shock                 Conj/Air       96%        1d9       1%          1
Z - Static Discharge      Conj/Air       48%        2-4/arc   2%          2

Your spell library contained the following spells:

 Spells                   Type           Power      Damage    Failure   Level
 Momentum Strike          Conj/Tloc      22%        3d8       9%          2
 Blink                    Tloc           8%         N/A       16%         2
 Lesser Beckoning         Tloc           8%         N/A       16%         2

Inventory:

Hand Weapons
 e - a +1 dagger of draining (weapon)
 x - a +0 halberd
Armour
 a - a +0 robe (worn)
 d - a +0 kite shield
Jewellery
 j - a ring of resist corrosion
 n - a +6 ring of intelligence (right hand)
 o - a ring of protection from fire (left hand)
Scrolls
 c - 2 scrolls of enchant armour {unknown}
 g - 4 scrolls of teleportation {unknown}
 h - a scroll of vulnerability {unknown}
 i - 2 scrolls of poison {unknown}
 k - 2 scrolls of enchant weapon {unknown}
 m - a scroll of noise {unknown}
 q - 4 scrolls of identify {unknown}
 s - a scroll of amnesia {unknown}
 v - a scroll of magic mapping {unknown}
 y - a scroll of fear {unknown}
Potions
 b - a potion of magic
 f - 3 potions of curing {unknown}
 l - a potion of flight {unknown}
 p - a potion of brilliance {unknown}
 r - a potion of cancellation {unknown}
 t - a potion of resistance {unknown}
 u - 2 potions of degeneration {unknown}
 w - 2 potions of might {unknown}
 z - 3 potions of lignification {unknown}
 A - a potion of haste {unknown}

Dungeon Overview and Level Annotations

Branches:
Dungeon (4/15)
 Temple: D:4-7

Altars:

Shops:
D:1 [

Annotations:
D:4 Dowan, Duvessa

......▒▒..▒▒..▒~♣
.........▒▒..▒▒..▒~. ▒..▒
▒...........'..
▒▒▒..▒▒▒...▒▒.......~.
▒.▒............▒▒..▒~♣ ▒
▒.............▒▒.▒▒~~
▒▒.▒▒▒...▒▒..▒▒▒..▒..▒▒▒▒
.....[...▒▒..▒ ▒▒....▒
▒......)Qe...▒ ▒..▒▒▒
▒▒▒▒▒▒▒.▒.▒..▒ ▒.▒.▒
▒.▒▒...▒ ▒.▒▒▒ ▒.▒ ▒e▒▒
▒.▒ ▒.▒ ▒.▒ ▒.▒ ▒.▒ ▒.▒
▒.▒ ▒.▒▒▒.▒▒▒▒▒.▒
▒...........▒
▒.▒▒▒.▒▒▒▒▒▒▒


You could see Duvessa (fast) and Dowan.


Message History

Aim: Duvessa, wielding a +2 short sword of venom and wearing a +0 leather armour (empty space bonus: 2/8)
The air twists around and strikes Duvessa.
Duvessa is lightly wounded.
The zap hits Duvessa.
Duvessa is lightly wounded.
Aiming: Shock (safe; 1% risk of failure)
The zap hits Duvessa.
Duvessa is moderately wounded.
The zap hits Duvessa.
Duvessa is moderately wounded.
Aiming: Shock (safe; 1% risk of failure)
The zap hits Duvessa but does no damage.
Duvessa is moderately wounded.
The zap hits Duvessa.
Duvessa is moderately wounded.
Dowan shouts!
Dowan points at you and mumbles some strange words.
The puff of flame hits you. You resist. Dowan gestures at you while chanting.
The puff of frost hits you!
* * * LOW HITPOINT WARNING * * *
Duvessa hits you with a +2 short sword of venom!
* * * LOW HITPOINT WARNING * * *
Dowan gestures at Duvessa while chanting.
Duvessa seems to speed up.
You hear a zap.
You hear a grinding noise.
Duvessa hits you with a +2 short sword of venom!
You die...

Action                     |  1- 3 |  4- 6 || total
---------------------------+-------+-------++-------
  Melee: Dagger            |    33 |    17 ||    50
         Peck              |     3 |     2 ||     5
         Unarmed           |     1 |       ||     1
         Kick              |     5 |     4 ||     9
   Cast: Shock             |    48 |    49 ||    97
         Airstrike         |       |     1 ||     1
   Stab: Sleeping          |     1 |     1 ||     2
         Distracted        |     1 |       ||     1
 Armour: Robe              |    13 |     4 ||    17
  Dodge: Dodged            |    27 |    13 ||    40

Levels and vault maps discovered:
D:1:      spicycebolla_arrival_ecumenical, layout_loops_cross, serial_shops,
          shop, minmay_pentomino_o2
D:2:      layout_basic
D:3:      layout_basic
D:4:      layout_basic, kennysheep_small_square, uniq_duvessa

Notes
Turn   | Place    | Note
-------+----------+-------------------------------------------
     0 | D:1      | sanka the Tengu Air Elementalist began the quest for the
                  | Orb.
     0 | D:1      | Reached XP level 1. HP: 10/10 MP: 4/4
    37 | D:1      | Reached skill level 2 in Conjurations
   259 | D:1      | Reached XP level 2. HP: 13/15 MP: 3/6
   287 | D:1      | Learned a level 2 spell: Static Discharge
   289 | D:1      | Reached skill level 3 in Conjurations
   691 | D:1      | Reached XP level 3. HP: 18/19 MP: 7/7
   751 | D:1      | Found Ivuet's Antique Armour Boutique.
  1163 | D:2      | Reached skill level 3 in Spellcasting
  1212 | D:2      | Learned a level 3 spell: Swiftness
  1871 | D:2      | Reached XP level 4. HP: 24/24 MP: 5/9
  2835 | D:4      | Reached skill level 5 in Air Magic
  3029 | D:4      | Gained mutation: Your magical nature lets you fly swiftly
                  | and evasively. [Tengu growth]
  3029 | D:4      | Reached XP level 5. HP: 24/28 MP: 5/11
  3079 | D:4      | Learned a level 4 spell: Airstrike
  3192 | D:4      | Noticed Dowan
  3469 | D:4      | Noticed Duvessa
  3510 | D:4      | Slain by Duvessa

Vanquished Creatures
  A hound (D:4)
  3 gnolls (D:2)
  4 adders
  A worm (D:2)
  A dart slug (D:1)
  2 orcs (D:4)
  9 bats
  2 endoplasms
  4 giant cockroaches
  8 goblins
  5 hobgoblins
  8 kobolds
  2 quokkas
  4 ball pythons
  3 frilled lizards
  9 rats
66 creatures vanquished.
